 Dungeon Crawl Stone Soup version 0.27-a0-412-g8dd771eca2 (webtiles) character file.

Game seed: 16552970484927558101

424 dickylongcocking the Ruffian (level 6, 0/51 HPs)
             Began as a Draconian Transmuter on Feb 24, 2021.
             Was an Initiate of Kikubaaqudgha.
             Slain by a phantom (6 damage)
             ... on level 4 of the Dungeon.
             The game lasted 00:04:17 (5351 turns).

dickylongcocking the Ruffian (Draconian Transmuter) Turns: 5351, Time: 00:04:17

Health: 0/51       AC:  6    Str: 18    XL:     6   Next: 64%
Magic:  8/9        EV: 12    Int: 16    God:    Kikubaaqudgha [......]
Gold:   176        SH:  0    Dex: 11    Spells: 5/9 levels left

rFire    . . .     SeeInvis .     - Unarmed
rCold    . . .     Faith    .   (no shield)
rNeg     . . .     Spirit   .   (armour unavailable)
rPois    .         Reflect  .   (helmet currently unavailable)
rElec    .         Harm     .   (no cloak)
rCorr    .         Rampage  .   (no gloves)
Will     +....                  (boots currently unavailable)
Stlth    +.........             d - amulet of the acrobat
HPRegen  0.17/turn              n - +6 ring of strength
MPRegen  0.11/turn              a - ring of willpower

@: appendages
A: unfitting armour, horns 2, talons 2, cold-blooded, AC +6
a: End Transformation, Renounce Religion


You were on level 4 of the Dungeon.
You worshipped Kikubaaqudgha.
Kikubaaqudgha was noncommittal.
You had grown temporary horns.
You had grown temporary talons.
You visited 2 branches of the dungeon, and saw 5 of its levels.

You collected 176 gold pieces.

Inventory:

Hand Weapons
 f - a +0 short sword of venom
 j - a +0 whip of pain
Jewellery
 a - a ring of willpower (right hand)
 d - an amulet of the acrobat (around neck)
 n - a +6 ring of strength (left hand)
Wands
 m - a wand of random effects (14)
Scrolls
 c - 5 scrolls of identify
 e - a scroll of fear
 g - a scroll of magic mapping
 o - 2 scrolls of immolation


   Skills:
 - Level 3.4 Fighting
 * Level 3.4 Maces & Flails
 - Level 1.7 Dodging
 - Level 4.3 Unarmed Combat
 - Level 2.0 Spellcasting
 * Level 3.4 Necromancy
 - Level 2.0 Transmutations


You had 5 spell levels left.
You knew the following spells:

 Your Spells              Type           Power        Failure   Level
a - Beastly Appendage     Tmut           16%          9%          1
c - Spider Form           Tmut/Pois      2%           38%         3

Your spell library contained the following spells:

 Spells                   Type           Power        Failure   Level
 Wereblood                Tmut           8%           14%         2
 Confusing Touch          Hex            1%           52%         3
 Gell's Gravitas          Tloc           0%           52%         3
 Ice Form                 Ice/Tmut       4%           80%         4
 Petrify                  Tmut/Erth      4%           80%         4
 Blade Hands              Tmut           4%           94%         5
 Yara's Violent Unravell  Hex/Tmut       2%           98%         5
 Metabolic Englaciation   Hex/Ice        0%           99%         5


Dungeon Overview and Level Annotations

Branches:
Dungeon (4/15)             Temple (1/1) D:4

Altars:
Cheibriados
Hepliaklqana
Kikubaaqudgha
Nemelex Xobeh
Okawaru
Ru
Uskayaw
Vehumet
Zin
The Shining One
Lugonu


Innate Abilities, Weirdness & Mutations

Your plain brown scales are hard. (AC +6)
You cannot fit into any form of body armour.
You are cold-blooded and may be slowed by cold attacks.
You have a pair of horns on your head.
You have razor-sharp toenails.


Message History

As you read the scroll labelled LAIX EDEOGE, it crumbles to dust.
The creatures around you are filled with an inner flame!
It was a scroll of immolation.
The phantom closely misses you.
As you read the scroll labelled YFAQEIKLEM, it crumbles to dust.
The dust glows gleaming scarlet!
It was a scroll of random uselessness.
The phantom barely misses you.
Unknown command.
Found a glowing silver altar of Zin.
There is a stone staircase leading up here.
Okay, then.
You aren't carrying any potions.
Unknown command.
The phantom's inner flame fades away.
Okay, then.
The phantom completely misses you.
Casting: Beastly Appendage (safe; 9% risk of failure)
Confirm with . or Enter, or press ? or * to list all spells.
You grow a pair of large bovine horns.
Your feet morph into talons.
The phantom hits you.
* * * LOW HITPOINT WARNING * * *
Unknown command.
You are now empty-handed.
You hit the phantom. You headbutt the phantom.
The phantom is moderately damaged.
The phantom barely misses you.
You barely miss the phantom. Your headbutt misses the phantom.
You tail-slap the phantom.
The phantom is moderately damaged.
The phantom hits you but does no damage.
You barely miss the phantom.
The phantom is moderately damaged.
The phantom hits you.
* * * LOW HITPOINT WARNING * * *
The phantom blinks!
You blink.
Unknown command.
You miss the phantom.
Your tail-slap misses the phantom.
The phantom is moderately damaged.
The phantom hits you.
You die...
Kikubaaqudgha rasps: "You have failed me!
Welcome... death!"

....................####......#
..............###..## ##.....#
...............###########....#
#..............# #.....#####.#
##.............# ##...### ###
#..#...........###..###
..###..........##...# .##
###.............# .#
###.......@W..###
.################.....#######
........# #...ยงยง.)....#
........# #...........#
###.....# #########...# ####.##
##### ###


You could see a phantom.

Vanquished Creatures
  An ogre (D:4)
  2 howler monkeys (D:4)
  A centaur skeleton (D:4)
  An iguana (D:4)
  2 worker ants
  Robin (D:2)
  6 adders
  2 oozes
  4 worms
  6 leopard geckos
  4 orcs (D:3)
  2 ball pythons
  4 giant cockroaches
  11 goblins
  3 hobgoblins
  4 jackals (D:4)
  6 kobolds
  2 quokkas (D:4)
  5 bats
  3 frilled lizards
  A leopard gecko skeleton (D:4)
  5 rats
76 creatures vanquished.

Notes
Turn   | Place    | Note
-------+----------+-------------------------------------------
     0 | D:1      | dickylongcocking the Draconian Transmuter began the quest
                  | for the Orb.
     0 | D:1      | Reached XP level 1. HP: 16/16 MP: 3/3
   323 | D:1      | Reached XP level 2. HP: 15/24 MP: 5/5
  1465 | D:2      | Reached XP level 3. HP: 27/30 MP: 4/6
  1791 | D:2      | Noticed Robin
  1814 | D:2      | Found an ancient bone altar of Kikubaaqudgha.
  1851 | D:2      | Killed Robin
  1852 | D:2      | Reached skill level 4 in Unarmed Combat
  2033 | D:2      | Reached XP level 4. HP: 33/38 MP: 7/7
  2093 | D:2      | You fall into a shaft and drop 1 floor!
  2200 | D:3      | Learned a level 3 spell: Spider Form
  2836 | D:2      | Became a worshipper of Kikubaaqudgha
  3704 | D:4      | Found a snail-covered altar of Cheibriados.
  3867 | D:4      | Found a staircase to the Ecumenical Temple.
  3871 | D:4      | Noticed an ogre
  3881 | D:4      | Killed an ogre
  3882 | D:4      | Reached skill level 1 in Maces & Flails
  3882 | D:4      | Reached skill level 1 in Necromancy
  3882 | D:4      | Reached XP level 5. HP: 17/45 MP: 6/8
  4423 | D:4      | Found a sacrificial altar of Ru.
  4552 | Temple   | Entered the Ecumenical Temple
  4992 | D:4      | Reached XP level 6. HP: 48/51 MP: 9/9
  5107 | D:4      | Found a glowing golden altar of the Shining One.
  5308 | D:4      | Found a glowing silver altar of Zin.
  5351 | D:4      | Slain by a phantom

Illustrated notes

Levels and vault maps discovered:
D:1:      kilobyte_arrival_exit_the_forest, layout_basic
D:2:      cheibrodos_helix_gallery, layout_basic, lemuel_coloured_pillars_altar,
          uniq_robin
D:3:      layout_rooms
D:4:      layout_layer_cave, cheibriados_altar_1, kennysheep_little_box,
          overflow_temple_1_default, minmay_temple_entry_stoned_glass,
          minmay_ruined_shrine, uniq_blork_the_orc
Temple:   corrupted_temple

Skill      XL: |  1  2  3  4  5  6 |
---------------+-------------------+-----
Fighting       | 2 3 |  3.4
Unarmed Combat | 4 |  4.3
Maces & Flails | 1 2 3 |  3.4
Necromancy     | 1 2 3 |  3.4
Dodging        | |  1.7
Spellcasting   | |  2.0
Transmutations | |  2.0

Action                   |  1- 3 |  4- 6 || total
-------------------------+-------+-------++-------
Melee: Unarmed           |   126 |    50 ||   176
       Tailslap          |    15 |    16 ||    31
       Punch             |     2 |     4 ||     6
       Kick              |     5 |    19 ||    24
       Headbutt          |     5 |     8 ||    13
       Whip              |       |   134 ||   134
 Cast: Beastly Appendage |     3 |    18 ||    21
       Spider Form       |       |     3 ||     3
  Use: Potion            |     3 |     1 ||     4
       Scroll            |       |     8 ||     8
Armor: Skin              |    42 |    55 ||    97
Dodge: Dodged            |   102 |   144 ||   246

Table legend: (Time is in decaauts)
 A = Elapsed time spent in this place.
 B = Non-inter-level travel time spent in this place.
 C = Inter-level travel time spent in this place.
 D = Time resting spent in this place.
 E = Time spent auto-exploring this place.
 F = Levels seen in this place.
 G = Mean time per level.
                   A        B        C        D        E       F      G
               +--------+--------+--------+--------+--------+-----+--------+
         Total |   5344 |   5155 |    189 |    530 |   3885 |   5 | 1068.8 |
       Dungeon |   4918 |   4743 |    175 |    159 |   3859 |   4 | 1229.5 |
        Temple |    426 |    412 |     14 |    371 |     26 |   1 |  426.0 |
               +--------+--------+--------+--------+--------+-----+--------+

Top non-repeatable levels by time:
     D:2: 1488 daAuts
     D:1: 1227 daAuts
     D:4: 1218 daAuts
     D:3: 983 daAuts
  Temple: 426 daAuts
